 Dungeon Crawl Stone Soup version 0.28-a0-1374-ga75cb3825e (webtiles) character file.

Game seed: 16417160155210001801

1 frimble the Grasshopper (level 1, -1/24 HPs)
             Began as a Demonspawn Warper on Dec 31, 2021.
             Succumbed to a goblin's poison
             ... on level 1 of the Dungeon.
             The game lasted 00:00:15 (291 turns).

frimble the Grasshopper (Demonspawn Warper)          Turns: 291, Time: 00:00:16

Health: -1/24      AC:  3    Str: 11    XL:     1   Next: 16%
Magic:  3/3        EV: 11    Int: 14    God:
Gold:   0          SH:  0    Dex: 12    Spells: 4/4 levels left

rFire   . . .      SeeInvis .   a - +0 falchion
rCold   . . .      Faith    .   (no shield)
rNeg    . . .      Spirit   .   b - +0 leather armour
rPois   .          Reflect  .   (no helmet)
rElec   .          Harm     .   (no cloak)
rCorr   .          Rampage  .   (no gloves)
Will    .....                   (no boots)
Stlth   ..........              (no amulet)
HPRegen 0.08/turn               (no ring)
MPRegen 0.08/turn               (no ring)

@: berserking, lethally poisoned (-1 -> -26), very quick
A: no striking features
a: no special abilities


You were on level 1 of the Dungeon.
You visited 1 branch of the dungeon, and saw 1 of its levels.

Inventory:

Hand Weapons
 a - a +0 falchion (weapon)
Missiles
 d - 5 boomerangs of dispersal (quivered)
Armour
 b - a +0 leather armour (worn)
 f - a +0 buckler
Scrolls
 c - a scroll of blinking
 g - a scroll of teleportation {unknown}
 h - a scroll of identify {unknown}
Potions
 i - a potion of curing {unknown}


   Skills:
 - Level 2.0 Fighting
 + Level 1.8 Long Blades
 - Level 0.8 Throwing
 - Level 0.8 Armour
 + Level 1.8 Dodging
 + Level 0.0 Shields
 - Level 2.0 Spellcasting
 - Level 2.6 Translocations


You had 4 spell levels left.
You didn't know any spells.
Your spell library contained the following spells:

 Spells                   Type           Power      Damage    Failure   Level
 Blink                    Tloc           16%        N/A       16%         2
 Gell's Gravitas          Tloc           8%         N/A       30%         3
 Lesser Beckoning         Tloc           8%         N/A       30%         3
 Teleport Other           Tloc           8%         N/A       30%         3
 Ensorcelled Hibernation  Hex/Ice        2%         N/A       43%         2
 Tukima's Dance           Hex            1%         N/A       67%         3
 Manifold Assault         Tloc           8%         N/A       96%         5
 Enfeeble                 Hex            0%         N/A       100%        7


Dungeon Overview and Level Annotations

Branches:
Dungeon (1/15)

Altars:


Message History

You enter the shallow water.
Moving in this stuff is going to be slow.
A goblin comes into view. It is wielding a +3 dagger of venom.
The goblin shouts!
A goblin is nearby!
A goblin is nearby!
A goblin is nearby!
A goblin is nearby!
A goblin is nearby!
A goblin is nearby!
The goblin closely misses you.
You barely miss the goblin.
The goblin hits you with a +3 dagger of venom.
You are poisoned.
The goblin hits you but does no damage.
You are lethally poisoned!
You closely miss the goblin.
You feel very sick.
The goblin hits you with a +3 dagger of venom.
You are more poisoned.
You are too injured to fight recklessly!
You are too injured to fight recklessly!
You are too injured to fight recklessly!
You are too injured to fight recklessly!
You are too injured to fight recklessly!
You are too injured to fight recklessly!
You are too injured to fight recklessly!
You barely miss the goblin.
* * * LOW HITPOINT WARNING * * *
You feel very sick.
The goblin hits you with a +3 dagger of venom.
* * * LOW HITPOINT WARNING * * *
You are more poisoned.
You don't know any spells.
Sorry, you're not good enough to have a special ability.
You aren't carrying any items that you can evoke.
It was a potion of berserk rage.
A red film seems to cover your vision as you go berserk!
You feel yourself moving faster!
You feel mighty!
You die...

..........#.#
##.###.##.#.#
≈......≈..#.#
...≈.≈.≈≈.#.#
≈≈≈≈≈≈≈≈.≈#.#
≈≈≈≈≈≈≈≈≈.#.##
≈≈≈≈≈≈≈≈.....#
≈≈♣≈♣≈≈≈≈.#..#########
≈≈._≈≈≈≈≈.......@g...#
≈≈≈≈.≈≈≈≈.#..#######.#
≈≈≈≈≈≈≈≈..##.#
≈≈≈≈≈≈≈≈≈≈##.#
≈≈≈≈≈≈≈≈≈≈##.#
≈≈....≈≈≈.##.#
≈......≈ #.# .... #..
##


You could see a goblin.

Vanquished Creatures
  A bat (D:1)
  A rat (D:1)
2 creatures vanquished.

Notes
Turn   | Place    | Note
-------+----------+-------------------------------------------
     0 | D:1      | frimble the Demonspawn Warper began the quest for the Orb.
     0 | D:1      | Reached XP level 1. HP: 16/16 MP: 3/3
   202 | D:1      | Found a faded altar of an unknown god.
   291 | D:1      | Succumbed to a goblin's poison

Illustrated notes

Levels and vault maps discovered:
D:1:      ncdulo_lavacross, layout_loops_ring, chequers_ecumenical_altar_island

Action                   || total
-------------------------++-------
Melee: Falchion          ||    10
  Use: Potion            ||     1
Armor: Leather armour    ||     3
Dodge: Dodged            ||     7

Table legend: (Time is in decaauts)
 A = Elapsed time spent in this place.
 B = Non-inter-level travel time spent in this place.
 C = Inter-level travel time spent in this place.
 D = Time resting spent in this place.
 E = Time spent auto-exploring this place.
 F = Levels seen in this place.
 G = Mean time per level.
                   A        B        C        D        E       F      G
               +--------+--------+--------+--------+--------+-----+--------+
         Total |    295 |    295 |      0 |      0 |    260 |   1 |  295.0 |
       Dungeon |    295 |    295 |      0 |      0 |    260 |   1 |  295.0 |
               +--------+--------+--------+--------+--------+-----+--------+

Top non-repeatable levels by time:
     D:1: 295 daAuts
